[Event "Titled Tuesday Blitz May 17 Late 2022"]
[White "Domingo Nunez, Alejandro"]
[Black "Kozak, Adam"]
[WhiteFideId "22245561"]
[BlackFideId "753246"]
[WhiteElo "2215"]
[BlackElo "2459"]
[Result "0-1"]
[Round "03"]
[TimeControl "180+1"]
[Date "2022.05.17"]
[WhiteClock "0:00:02"]
[BlackClock "0:01:01"]

1. Nf3 c6 2. b3 d6 3. Bb2 e5 4. e4 Nf6 5. Qe2 c5 6. h3 Nc6 7. c3 Qe7 8. Na3 g6 9. g4 Bg7 10. Nc4 Be6 11. d3 h5 12. g5 Nd7 13. Ne3 O-O 14. Rg1 b5 15. Nh4 a5 16. Nhf5 Qd8 17. Nxd6 a4 18. Nxb5 axb3 19. a4 c4 20. Nxc4 Nc5 21. Qe3 Nxa4 22. Ba3 b2 23. Rb1 Qb8 24. Bxf8 Bxf8 25. Nxb2 Qxb5 26. d4 Qb3 27. d5 Nxc3 28. Bc4 Qa3 29. Rc1 Bb4 30. Kf1 Bxh3+ 31. Qxh3 Qxb2 32. Kg2 Nd4 33. d6 Nde2 34. Qd7 Nf4+ 35. Kh1 Rf8 36. Rgf1 Qd2 37. Qe7 Bxd6 38. Qf6 Nxe4 0-1


[Site "https://www.chess.com"]

[Event "Titled Tuesday Blitz May 17 Late 2022"]
[White "Donchenko, Alexander"]
[Black "Fedoseev, Vladimir"]
[WhiteFideId "24603295"]
[BlackFideId "24130737"]
[WhiteElo "2572"]
[BlackElo "2726"]
[Result "1-0"]
[Round "03"]
[TimeControl "180+1"]
[Date "2022.05.17"]
[WhiteClock "0:01:36"]
[BlackClock "0:01:05"]

1. d4 Nf6 2. Nf3 g6 3. g3 Bg7 4. Bg2 O-O 5. O-O d6 6. b3 b5 7. Bb2 Bb7 8. Nbd2 Nbd7 9. c4 bxc4 10. Nxc4 c5 11. Rc1 Rc8 12. dxc5 Nxc5 13. Bd4 Ba6 14. Qd2 Nfe4 15. Qb2 e5 16. Be3 Qe7 17. Rfd1 Rfd8 18. Qa3 Bb5 19. Nxd6 Rxd6 20. Rxd6 Qxd6 21. b4 Rd8 22. bxc5 Qd1+ 23. Rxd1 Rxd1+ 24. Bf1 Bxe2 25. Qa4 Bxf3 26. Qe8+ Bf8 27. Bh6 1-0


[Site "https://www.chess.com"]

[Event "Titled Tuesday Blitz May 17 Late 2022"]
[White "Drygalov, Sergey"]
[Black "Nozdrachev, Leonid"]
[WhiteFideId "24171743"]
[BlackFideId "24113433"]
[WhiteElo "2514"]
[BlackElo "2255"]
[Result "1-0"]
[Round "03"]
[TimeControl "180+1"]
[Date "2022.05.17"]
[WhiteClock "0:02:07"]
[BlackClock "0:01:00"]

1. d4 d6 2. Nf3 g6 3. c4 Bg7 4. Nc3 Nc6 5. d5 Nb8 6. e4 Nf6 7. Be2 O-O 8. Be3 Bg4 9. Qd2 Re8 10. h4 h5 11. Nd4 c5 12. dxc6 bxc6 13. f3 Bd7 14. O-O-O Na6 15. g4 Nc5 16. Rdg1 Rb8 17. Bh6 hxg4 18. Bxg7 Kxg7 19. h5 Rh8 20. h6+ Kh7 21. fxg4 Nfxe4 22. Nxe4 Nxe4 23. Qf4 Nf6 24. Nf3 Qb6 25. b3 Qa5 26. Kb1 Qc3 27. Rg3 Rxb3+ 28. axb3 Qxb3+ 29. Kc1 Qc3+ 30. Kd1 Rb8 31. Ng5+ Kh8 32. Rxc3 1-0


[Site "https://www.chess.com"]

[Event "Titled Tuesday Blitz May 17 Late 2022"]
[White "Grischuk, Alexander"]
[Black "Pichot, Alan"]
[WhiteFideId "4126025"]
[BlackFideId "110973"]
[WhiteElo "2762"]
[BlackElo "2579"]
[Result "1/2-1/2"]
[Round "03"]
[TimeControl "180+1"]
[Date "2022.05.17"]
[WhiteClock "0:00:48"]
[BlackClock "0:00:26"]

1. d4 Nf6 2. Nf3 d5 3. Bf4 c5 4. e3 Nc6 5. Nbd2 cxd4 6. exd4 Bf5 7. Bb5 Rc8 8. c3 e6 9. O-O Bd6 10. Bxd6 Qxd6 11. Re1 O-O 12. Nh4 Bg4 13. Be2 Bxe2 14. Qxe2 b5 15. a3 a5 16. b4 axb4 17. axb4 Ne7 18. Ra3 Qb6 19. Qd3 Ra8 20. Rea1 Rxa3 21. Rxa3 Rc8 22. Nb3 Qc7 23. Nc5 Qf4 24. Ra7 Nc6 25. Ra1 Qxh4 26. Qxb5 Ne7 27. Qb7 Ng4 28. h3 Nxf2 29. Ra8 Nxh3+ 30. gxh3 Qg3+ 31. Kf1 Qf3+ 32. Kg1 Qg3+ 33. Kf1 Qf3+ 34. Kg1 Qg3+ 1/2-1/2


[Site "https://www.chess.com"]

[Event "Titled Tuesday Blitz May 17 Late 2022"]
[White "Hansen, Eric"]
[Black "Korchmar, Vasiliy"]
[WhiteFideId "2606771"]
[BlackFideId "24131750"]
[WhiteElo "2568"]
[BlackElo "2370"]
[Result "1-0"]
[Round "03"]
[TimeControl "180+1"]
[Date "2022.05.17"]
[WhiteClock "0:00:05"]
[BlackClock "0:00:02"]

1. e4 c5 2. Nf3 d6 3. Bb5+ Nd7 4. c3 Nf6 5. Qe2 a6 6. Ba4 b5 7. Bc2 e6 8. O-O Bb7 9. d4 Be7 10. Re1 O-O 11. Nbd2 Qc7 12. Nf1 Rfe8 13. Ng3 Bf8 14. Bd3 g6 15. a4 bxa4 16. Rxa4 a5 17. h3 Bg7 18. Bg5 h6 19. Be3 Bc6 20. Ra2 Qb7 21. Nd2 a4 22. Rea1 cxd4 23. cxd4 Nb6 24. f3 Rec8 25. Nb1 d5 26. e5 Nfd7 27. Qd2 Kh7 28. h4 Nc4 29. Bxc4 dxc4 30. h5 Nb6 31. Nc3 Nd5 32. Nge4 Rd8 33. hxg6+ fxg6 34. Nxd5 Bxd5 35. Nc3 Bc6 36. Kf2 Bxe5 37. Nxa4 Bxa4 38. Rxa4 Rxa4 39. Rxa4 Bxd4 40. Bxd4 e5 41. Rxc4 exd4 42. Qb4 Qa7 43. Qc5 Qb7 44. Qc7+ Rd7 45. Qxb7 Rxb7 46. b4 Rd7 47. b5 d3 48. Ke1 d2+ 49. Kd1 g5 50. b6 Kg6 51. Rb4 Rb7 52. g4 Kf6 53. Kxd2 Ke5 54. Ke3 Kd5 55. Rb1 Kc5 56. Ke4 1-0


[Site "https://www.chess.com"]

[Event "Titled Tuesday Blitz May 17 Late 2022"]
[White "Jian, Alex"]
[Black "Janaszak, Dawid"]
[WhiteFideId "30901022"]
[BlackFideId "1119206"]
[WhiteElo "2111"]
[BlackElo "2199"]
[Result "1-0"]
[Round "03"]
[TimeControl "180+1"]
[Date "2022.05.17"]
[WhiteClock "0:00:08"]
[BlackClock "0:00:45"]

1. Nf3 Nf6 2. b3 g6 3. Bb2 Bg7 4. e3 O-O 5. Be2 b6 6. O-O Bb7 7. d3 d6 8. Nbd2 e5 9. e4 Nbd7 10. Re1 Nh5 11. Bf1 Nf4 12. g3 Ne6 13. Bg2 f5 14. exf5 gxf5 15. Ng5 Qxg5 16. Bxb7 Rae8 17. Bc6 Re7 18. Bg2 Nf6 19. a4 h5 20. a5 h4 21. Nf3 Qh6 22. Nxh4 Nh7 23. axb6 axb6 24. Bc1 f4 25. Ra8 Nhg5 26. Nf5 Qf6 27. Nxe7+ Qxe7 28. Rxf8+ Qxf8 29. Qg4 Qf6 30. h4 Nf7 31. Bd5 Nfd8 32. gxf4 c6 33. Bxe6+ Nxe6 34. fxe5 dxe5 35. Bg5 Qg6 36. Qe4 Qh5 37. Qc4 Qf7 38. Re3 Kh7 39. Qe4+ Kh8 40. Rf3 Qd7 41. Qf5 Qd5 42. Bf6 Qd4 43. Qxe6 Qg4+ 44. Qxg4 1-0


[Site "https://www.chess.com"]

[Event "Titled Tuesday Blitz May 17 Late 2022"]
[White "Jones, Gawain C B"]
[Black "Kumic, Filip"]
[WhiteFideId "409561"]
[BlackFideId "931373"]
[WhiteElo "2657"]
[BlackElo "2310"]
[Result "1-0"]
[Round "03"]
[TimeControl "180+1"]
[Date "2022.05.17"]
[WhiteClock "0:00:49"]
[BlackClock "0:00:15"]

1. Nf3 d6 2. d4 g6 3. e4 Nf6 4. Bd3 Bg7 5. c3 O-O 6. O-O Nc6 7. Re1 e5 8. h3 a5 9. Nbd2 Nd7 10. d5 Ne7 11. b4 h6 12. Nc4 axb4 13. cxb4 Nxd5 14. exd5 e4 15. Bb2 Bxb2 16. Nxb2 exf3 17. Qxf3 Qf6 18. Qxf6 Nxf6 19. Bc4 Ra3 20. Bb3 Bd7 21. Rac1 Rc8 22. Nc4 Ra7 23. Na5 Kf8 24. Rc3 b6 25. Nc6 Bxc6 26. dxc6 Ra3 27. Rf3 Kg7 28. Re7 d5 29. b5 Ra7 30. g4 Rd8 31. h4 Kf8 32. Re5 Nxg4 33. Rxd5 Rxd5 34. Bxd5 f5 35. h5 Kg7 36. hxg6 Kxg6 37. Be6 Ne5 38. Rxf5 1-0


[Site "https://www.chess.com"]

[Event "Titled Tuesday Blitz May 17 Late 2022"]
[White "Krstulovic, Alex"]
[Black "Wagner, Dennis"]
[WhiteFideId "760056"]
[BlackFideId "24650684"]
[WhiteElo "2193"]
[BlackElo "2355"]
[Result "0-1"]
[Round "03"]
[TimeControl "180+1"]
[Date "2022.05.17"]
[WhiteClock "0:00:03"]
[BlackClock "0:00:14"]

1. e4 e5 2. Nf3 Nc6 3. Bc4 Nf6 4. d3 Bc5 5. O-O O-O 6. c3 d5 7. exd5 Nxd5 8. Re1 Bg4 9. h3 Bh5 10. Nbd2 Nb6 11. Bb3 Qxd3 12. Nxe5 Qf5 13. Nef3 Rae8 14. g4 Bxg4 15. hxg4 Qxg4+ 16. Kh1 Bxf2 17. Nh2 Rxe1+ 18. Qxe1 Qg3 19. Qf1 Re8 20. Ndf3 Ne5 21. Qg2 Nxf3 22. Nxf3 h6 23. Qxg3 Bxg3 24. Kg2 Bd6 25. Bd2 a5 26. Re1 Rxe1 27. Nxe1 a4 28. Bc2 g5 29. Be4 Nc4 30. Bc1 b5 31. Bc6 a3 32. b3 Nb2 33. Bxb5 f5 34. Be2 Kg7 35. Nd3 Nxd3 36. Bxd3 Kf6 37. b4 h5 38. Bxa3 g4 39. Bc1 f4 40. Be4 h4 41. a4 h3+ 42. Kh1 f3 43. Be3 Ke5 44. Bc6 Be7 45. a5 Bh4 46. a6 f2 47. Bxf2 Bxf2 48. c4 Ba7 49. Bd7 Kf4 50. Bc6 g3 51. Bb7 g2+ 52. Bxg2 hxg2+ 53. Kxg2 Ke3 54. c5 Kd4 55. Kf3 Kc4 56. Ke4 Kxb4 57. Kd5 Kb5 0-1


[Site "https://www.chess.com"]

[Event "Titled Tuesday Blitz May 17 Late 2022"]
[White "Manukyan, Artyom"]
[Black "Svane, Frederik"]
[WhiteFideId "13305786"]
[BlackFideId "12923044"]
[WhiteElo "2034"]
[BlackElo "2459"]
[Result "0-1"]
[Round "03"]
[TimeControl "180+1"]
[Date "2022.05.17"]
[WhiteClock "0:00:03"]
[BlackClock "0:00:33"]

1. e4 c5 2. Nc3 a6 3. g3 b5 4. Bg2 Bb7 5. d3 e6 6. Nh3 d6 7. O-O Nf6 8. f4 Be7 9. Be3 Nc6 10. e5 dxe5 11. fxe5 Nd7 12. Qg4 O-O 13. Bh6 g6 14. Bxf8 Qxf8 15. Rae1 Ncxe5 16. Qf4 Bxg2 17. Kxg2 Nc6 18. Ne4 e5 19. Qf2 f5 20. Nc3 Bf6 21. Ng1 Qd6 22. Nf3 Rf8 23. h4 Nd4 24. Nxd4 cxd4 25. Nd1 Qc6+ 26. Kh2 h5 27. Qg2 Qxg2+ 28. Kxg2 Rc8 29. Re2 Nb6 30. c3 dxc3 31. Nxc3 Kf7 32. Rfe1 Ke6 33. a3 Nd7 34. Kf3 Nc5 35. Rd2 Nb3 36. Rdd1 Nd4+ 37. Kg2 Bg7 38. Rd2 Bh6 39. Rf2 Kd6 40. Ne2 Nc2 41. Rb1 Ne3+ 42. Kh1 Rc2 43. Rc1 Rxb2 44. Rc8 Rb1+ 45. Ng1 Ng4 46. Rg2 Be3 47. Rg8 f4 48. Rxg6+ Ke7 49. gxf4 exf4 50. R6xg4 hxg4 51. Rxg4 f3 52. Re4+ Kd6 53. Rxe3 f2 54. Rf3 fxg1=Q# 0-1


[Site "https://www.chess.com"]

[Event "Titled Tuesday Blitz May 17 Late 2022"]
[White "Melkumyan, Hrant"]
[Black "Izoria, Zviad"]
[WhiteFideId "13302485"]
[BlackFideId "13601733"]
[WhiteElo "2604"]
[BlackElo "2626"]
[Result "0-1"]
[Round "03"]
[TimeControl "180+1"]
[Date "2022.05.17"]
[WhiteClock "0:00:05"]
[BlackClock "0:00:27"]

1. c4 e5 2. g3 Nf6 3. Bg2 c6 4. Nf3 e4 5. Nd4 d5 6. cxd5 Qxd5 7. Nc2 Qh5 8. h3 Na6 9. Nc3 Qg6 10. O-O Bd6 11. d3 exd3 12. Ne1 Qh5 13. Nxd3 Bxh3 14. Bf4 Bxg2 15. Kxg2 O-O-O 16. Qa4 Bxf4 17. Nxf4 Qc5 18. Rac1 Qb4 19. Qc2 Kb8 20. a3 Qe7 21. b4 Nc7 22. a4 Ncd5 23. Ncxd5 Nxd5 24. Nxd5 Rxd5 25. e3 h5 26. Rh1 Re8 27. Rh4 g6 28. Rc4 a6 29. Qb2 Qd7 30. Qf6 Rf5 31. Qb2 Re6 32. Rd4 Rd6 33. Re4 Rd2 34. Qh8+ Ka7 35. Rf1 Qd5 36. Qe8 Qa2 37. Rf4 Rxf4 38. exf4 Qd5+ 39. Kg1 Rd3 40. Qe7 Qd4 41. Kg2 h4 42. Qxh4 Qxb4 43. Qf6 Qe4+ 44. Kg1 Qd5 45. Qa1 a5 46. Rb1 Qd4 47. Qa2 Rd2 48. Qb3 Qxf2+ 49. Kh1 Qg2# 0-1


[Site "https://www.chess.com"]

[Event "Titled Tuesday Blitz May 17 Late 2022"]
[White "Mikhailov, Viacheslav"]
[Black "Keymer, Vincent"]
[WhiteFideId "4187369"]
[BlackFideId "12940690"]
[WhiteElo "2381"]
[BlackElo "2548"]
[Result "0-1"]
[Round "03"]
[TimeControl "180+1"]
[Date "2022.05.17"]
[WhiteClock "0:01:03"]
[BlackClock "0:01:07"]

1. Nf3 d5 2. g3 Bg4 3. Bg2 c6 4. O-O Nd7 5. d4 Ngf6 6. c4 e6 7. Nc3 dxc4 8. a4 a5 9. Qc2 Be7 10. Ne5 Nxe5 11. dxe5 Nd5 12. Qe4 Bh5 13. Qxc4 O-O 14. Rd1 Qb6 15. Ne4 Rad8 16. Nd6 f6 17. g4 fxe5 18. gxh5 Qxf2+ 19. Kh1 Rxd6 20. Qg4 Nf6 0-1


[Site "https://www.chess.com"]

[Event "Titled Tuesday Blitz May 17 Late 2022"]
[White "Moskalenko, Alexander"]
[Black "Solon, Nathan"]
[WhiteFideId "4155351"]
[BlackFideId "2017229"]
[WhiteElo "2434"]
[BlackElo "2564"]
[Result "1-0"]
[Round "03"]
[TimeControl "180+1"]
[Date "2022.05.17"]
[WhiteClock "0:01:13"]
[BlackClock "0:00:10"]

1. e4 e5 2. Nf3 Nf6 3. Nc3 Nc6 4. d4 exd4 5. Nxd4 Nxe4 6. Nxe4 Qe7 7. Nb5 Qxe4+ 8. Be2 Bb4+ 9. Bd2 O-O 10. O-O Bxd2 11. Qxd2 Qe5 12. Rfe1 Qxb2 13. Rab1 Qxa2 14. Nxc7 Rb8 15. Qd6 g6 16. Bd3 b5 17. Nd5 Bb7 18. Nf6+ Kg7 19. Nxd7 Rbd8 20. Qf6+ Kg8 21. Nxf8 Rxf8 22. Rxb5 Ba8 23. Ra1 Qe6 24. Qxe6 fxe6 25. Rc5 Nd4 26. Rxa7 Rb8 27. f4 Bd5 28. Kf2 1-0


[Site "https://www.chess.com"]

[Event "Titled Tuesday Blitz May 17 Late 2022"]
[White "Nazari, Arad"]
[Black "Rasulov, Vugar"]
[WhiteFideId "12577324"]
[BlackFideId "13402390"]
[WhiteElo "2129"]
[BlackElo "2560"]
[Result "0-1"]
[Round "03"]
[TimeControl "180+1"]
[Date "2022.05.17"]
[WhiteClock "0:00:19"]
[BlackClock "0:01:19"]

1. e4 c5 2. Nf3 d6 3. Bb5+ Bd7 4. Bxd7+ Qxd7 5. O-O Nf6 6. Re1 Nc6 7. c3 e6 8. d4 cxd4 9. cxd4 d5 10. e5 Ne4 11. a3 f5 12. exf6 gxf6 13. Nbd2 f5 14. Nxe4 dxe4 15. Ng5 O-O-O 16. Be3 h6 17. Nh3 Bg7 18. Nf4 Bxd4 19. Bxd4 Nxd4 20. Rc1+ Kb8 21. Qh5 Rhg8 22. Kh1 Rg4 23. Qxh6 Qe7 24. g3 e5 25. Ng2 Nf3 26. Red1 Rgg8 27. h4 a6 28. Rxd8+ Rxd8 29. Qe3 Qe6 30. Ne1 f4 0-1


[Site "https://www.chess.com"]

[Event "Titled Tuesday Blitz May 17 Late 2022"]
[White "Norowitz, Yaacov"]
[Black "Papp, Levente"]
[WhiteFideId "2024799"]
[BlackFideId "751243"]
[WhiteElo "2412"]
[BlackElo "2308"]
[Result "1-0"]
[Round "03"]
[TimeControl "180+1"]
[Date "2022.05.17"]
[WhiteClock "0:01:20"]
[BlackClock "0:00:13"]

1. d4 Nf6 2. e3 e6 3. Bd3 c5 4. c3 Nc6 5. f4 d6 6. Nf3 Qc7 7. e4 cxd4 8. cxd4 e5 9. d5 Nb4 10. Nc3 Bd7 11. O-O Nxd3 12. Qxd3 a6 13. fxe5 dxe5 14. Bg5 Qb6+ 15. Kh1 Ng4 16. Qe2 Bc5 17. h3 Ne3 18. Bxe3 Bxe3 19. Nxe5 Bd4 20. Nxd7 Kxd7 21. Rxf7+ Ke8 22. Raf1 Bf6 23. R7xf6 gxf6 24. e5 Kd7 25. Rxf6 Qd4 26. Rf7+ Kd8 27. e6 Rc8 28. Rd7+ 1-0


[Site "https://www.chess.com"]

[Event "Titled Tuesday Blitz May 17 Late 2022"]
[White "Ohanyan, Emin"]
[Black "Dubov, Daniil"]
[WhiteFideId "13312022"]
[BlackFideId "24126055"]
[WhiteElo "1927"]
[BlackElo "2791"]
[Result "0-1"]
[Round "03"]
[TimeControl "180+1"]
[Date "2022.05.17"]
[WhiteClock "0:00:06"]
[BlackClock "0:00:42"]

1. e4 c5 2. Nf3 e6 3. d4 cxd4 4. Nxd4 a6 5. Bd3 Bc5 6. Nb3 Ba7 7. O-O Nc6 8. Qe2 Nge7 9. Be3 O-O 10. N1d2 b5 11. f4 Ng6 12. Bxa7 Rxa7 13. Qe3 d6 14. Nf3 Rc7 15. c3 Bb7 16. a3 Re8 17. Rae1 e5 18. f5 Nf4 19. Bb1 Qe7 20. g3 Nh5 21. Rd1 Rd8 22. Rd2 Nf6 23. Rfd1 Rcd7 24. Qb6 h6 25. h3 Nb8 26. Qe3 Rc8 27. Re2 Ba8 28. g4 d5 29. exd5 Bxd5 30. Nc1 Bxf3 31. Rxd7 Nbxd7 32. Qxf3 Nc5 33. Nd3 e4 34. Nxc5 Qxc5+ 35. Qe3 Qe5 36. Kf2 Qh2+ 37. Kf1 Qh1+ 38. Qg1 Qxh3+ 39. Qg2 Qh4 40. Bxe4 Rd8 41. Re3 Nxg4 42. Rg3 h5 43. Ke2 Qe7 44. Rd3 Re8 45. Rd4 Nf6 46. Kd3 Nxe4 47. Rxe4 Qxe4+ 48. Qxe4 Rxe4 49. Kxe4 g5 50. b3 Kf8 51. c4 bxc4 52. bxc4 Ke7 53. c5 f6 54. Kd5 h4 55. c6 h3 56. c7 Kd7 57. c8=Q+ Kxc8 58. Ke6 h2 0-1


[Site "https://www.chess.com"]

[Event "Titled Tuesday Blitz May 17 Late 2022"]
[White "Ostrovskiy, Aleksandr"]
[Black "Salem, A.R. Saleh"]
[WhiteFideId "2034239"]
[BlackFideId "9301348"]
[WhiteElo "2340"]
[BlackElo "2679"]
[Result "0-1"]
[Round "03"]
[TimeControl "180+1"]
[Date "2022.05.17"]
[WhiteClock "0:00:02"]
[BlackClock "0:00:50"]

1. d4 Nf6 2. Bf4 g6 3. Nc3 d5 4. e3 Bg7 5. h4 h5 6. Nf3 O-O 7. Ne5 c5 8. Qd2 Nc6 9. Be2 Bf5 10. dxc5 Ne4 11. Nxc6 bxc6 12. Nxe4 Bxe4 13. f3 Bf5 14. c3 e5 15. Bg3 a5 16. O-O Qe7 17. b4 Bf6 18. Qe1 e4 19. Bd6 Qe6 20. Bxf8 Rxf8 21. Rd1 Qe7 22. g3 axb4 23. cxb4 Ra8 24. fxe4 Bxe4 25. Bf3 Bf5 26. Rf2 Be5 27. Re2 Ra3 28. Qf2 Bd3 29. Red2 Bb5 30. Be2 Ba4 31. Rf1 Bc3 32. Rdd1 Bxd1 33. Bxd1 Bxb4 34. e4 Bxc5 0-1


[Site "https://www.chess.com"]

[Event "Titled Tuesday Blitz May 17 Late 2022"]
[White "Pap, Gyula"]
[Black "Popilski, Gil"]
[WhiteFideId "725323"]
[BlackFideId "2809060"]
[WhiteElo "2553"]
[BlackElo "2537"]
[Result "1-0"]
[Round "03"]
[TimeControl "180+1"]
[Date "2022.05.17"]
[WhiteClock "0:00:10"]
[BlackClock "0:00:12"]

1. d4 Nf6 2. c4 e6 3. Nc3 Bb4 4. Qb3 c5 5. dxc5 Bxc5 6. Nf3 O-O 7. Bg5 Be7 8. e3 b6 9. Be2 Bb7 10. O-O Nc6 11. a3 Rc8 12. Qa2 Ng4 13. Bf4 Na5 14. Rfd1 f5 15. b3 g5 16. Bd6 Bxd6 17. Rxd6 Qf6 18. Nb5 Nxb3 19. Rad1 Nc5 20. h3 Ne5 21. Qa1 Bxf3 22. Bxf3 Nxc4 23. Qxf6 Rxf6 24. R6d4 Ne5 25. Be2 a6 26. Nd6 Rb8 27. f4 gxf4 28. exf4 Nc6 29. Rc4 Kf8 30. Bf3 Ke7 31. Rc2 Nb7 32. Nxb7 Rxb7 33. Bxc6 dxc6 34. Rxc6 Rf8 35. Rdd6 Kf7 36. Rxe6 Rd8 37. Rf6+ Kg7 38. Rxb6 Rd1+ 39. Kh2 Rc7 40. Rxf5 Rd2 41. Rxa6 h6 42. Rff6 h5 43. Rg6+ Kf7 44. Rh6 Rcc2 45. Rag6 h4 46. Rg5 Rf2 47. Rxh4 Rc1 48. Rhg4 Kf6 49. h4 Rff1 50. h5 Rh1+ 51. Kg3 Rc3+ 52. Kf2 Rxa3 53. Rg6+ Kf5 54. R6g5+ Kf6 55. Rg3 Ra2+ 56. Kf3 Rf1+ 57. Kg4 Ra4 58. Rg6+ Kf7 59. Rf3 Rg1 60. g3 Ra5 61. Rb3 Ra7 62. Rg5 Rh1 63. Rbb5 Rd1 64. Rbf5+ Ke6 65. Rg6+ Ke7 66. Rg7+ Ke6 67. Rxa7 Rd8 68. Ra6+ Ke7 69. Rg6 Re8 70. Re5+ Kf7 71. Rxe8 1-0


[Site "https://www.chess.com"]

[Event "Titled Tuesday Blitz May 17 Late 2022"]
[White "Riehle, Marco"]
[Black "Karttunen, Mika"]
[WhiteFideId "12904392"]
[BlackFideId "502081"]
[WhiteElo "2462"]
[BlackElo "2343"]
[Result "1-0"]
[Round "03"]
[TimeControl "180+1"]
[Date "2022.05.17"]
[WhiteClock "0:01:31"]
[BlackClock "0:00:08"]

1. e4 e6 2. c4 d5 3. cxd5 exd5 4. Qb3 Nf6 5. e5 Ne4 6. Nc3 Nxc3 7. bxc3 Be7 8. d4 O-O 9. Nf3 c5 10. Be2 c4 11. Qc2 Nc6 12. O-O f6 13. a4 fxe5 14. Nxe5 Nxe5 15. dxe5 Bf5 16. Qb2 Qc7 17. Be3 b6 18. Bd4 Be4 19. f3 Bf5 20. Qd2 Rae8 21. f4 Be4 22. Bf3 Bc5 23. Bxe4 dxe4 24. Qe3 Qc6 25. Bxc5 bxc5 26. Rae1 Qxa4 27. Qxc5 Rc8 28. Qd5+ Kh8 29. Qxe4 Qc6 30. Qxc6 Rxc6 31. Ra1 a6 32. g3 g6 33. Rfd1 Rb8 34. Kg2 Rb2+ 35. Kh3 Rb3 36. Rac1 a5 37. Rd7 a4 38. Ra7 a3 39. Rd1 Rc8 40. Rdd7 Rxc3 41. Rxh7+ Kg8 42. Rhg7+ Kf8 43. e6 Re3 44. Raf7+ 1-0


[Site "https://www.chess.com"]

[Event "Titled Tuesday Blitz May 17 Late 2022"]
[White "Rustemov, Alexander"]
[Black "Svane, Rasmus"]
[WhiteFideId "4119002"]
[BlackFideId "4657101"]
[WhiteElo "2787"]
[BlackElo "2674"]
[Result "1/2-1/2"]
[Round "03"]
[TimeControl "180+1"]
[Date "2022.05.17"]
[WhiteClock "0:00:50"]
[BlackClock "0:00:21"]

1. d4 Nf6 2. c4 e6 3. Nf3 d5 4. Nc3 h6 5. Bf4 Bd6 6. Bxd6 Qxd6 7. e3 O-O 8. Rc1 Qe7 9. Qc2 Nbd7 10. cxd5 exd5 11. Bd3 Nb6 12. h3 Be6 13. O-O c6 14. Na4 Nxa4 15. Qxa4 Ne8 16. Qc2 Nd6 17. Ne5 Rfc8 18. Qc5 Qd8 19. Rc2 Bf5 20. Bxf5 Nxf5 21. Rfc1 Nd6 22. Qa3 a6 23. Qd3 Rc7 24. b3 Qf6 25. Qd1 Re8 26. Qf3 Qd8 27. a4 Rce7 28. Nd3 Re6 29. Nc5 Rf6 30. Qg3 Rg6 31. Qf4 Rf6 32. Qg3 Qe7 33. b4 Rg6 34. Qf4 Rf6 35. Qg3 g6 36. Rb1 Kh7 37. Kh1 Rf5 38. Re1 Rg5 39. Qf4 Rf5 40. Qg3 h5 41. Rce2 Qd8 42. a5 Kg8 43. f3 Rg5 44. Qf2 Rf5 45. Qg3 Rg5 46. Qf4 Rf5 47. Qg3 1/2-1/2


[Site "https://www.chess.com"]

[Event "Titled Tuesday Blitz May 17 Late 2022"]
[White "Shimanov, Aleksandr"]
[Black "Kaasen, Tor Fredrik"]
[WhiteFideId "4198603"]
[BlackFideId "1516647"]
[WhiteElo "2605"]
[BlackElo "2335"]
[Result "0-1"]
[Round "03"]
[TimeControl "180+1"]
[Date "2022.05.17"]
[WhiteClock "0:00:04"]
[BlackClock "0:00:25"]

1. e4 e5 2. Nf3 Nc6 3. Nc3 Nf6 4. h3 d5 5. exd5 Nxd5 6. Bb5 Nxc3 7. bxc3 Bd6 8. O-O O-O 9. Re1 Qf6 10. d4 exd4 11. cxd4 Bf5 12. Bb2 Rad8 13. Qc1 Nb4 14. d5 Qg6 15. Nh4 Qh5 16. Nxf5 Qxf5 17. c4 Nc2 18. c5 Bf4 19. Qb1 Rxd5 20. Ba4 Nxe1 21. Qxe1 Be5 22. Rb1 Bxb2 23. Rxb2 Rxc5 24. Rxb7 Qf4 25. Rb4 Rc1 26. Rxf4 Rxe1+ 27. Kh2 Re5 28. Bb3 g6 29. Rc4 c5 30. Ra4 Re7 31. Ra5 Rc7 32. Bc4 Kg7 33. Kg3 Rd8 34. Ra3 Rd4 35. Rc3 Rb7 36. Bb3 Rc7 37. Bc4 a5 38. a4 Kf6 39. Kf3 Ke5 40. Ke3 f5 41. g3 f4+ 42. Kf3 fxg3 43. fxg3 Rd1 44. Ke3 Re1+ 45. Kd2 Rh1 46. Rd3 Rxh3 47. Rd5+ Kf6 48. g4 Rg3 49. Be2 c4 50. Rxa5 c3+ 51. Kc2 Rg2 52. g5+ Rxg5 53. Ra6+ Kg7 54. Re6 Rd5 55. a5 Rd2+ 56. Kc1 Ra2 57. a6 c2 0-1


[Site "https://www.chess.com"]

[Event "Titled Tuesday Blitz May 17 Late 2022"]
[White "Shuvalova, Polina"]
[Black "Romanchuk, Viktor"]
[WhiteFideId "24171760"]
[BlackFideId "14109271"]
[WhiteElo "2355"]
[BlackElo "2242"]
[Result "1-0"]
[Round "03"]
[TimeControl "180+1"]
[Date "2022.05.17"]
[WhiteClock "0:00:09"]
[BlackClock "0:00:02"]

1. d4 d5 2. Nf3 Nf6 3. Bf4 c5 4. e3 Nc6 5. Nbd2 Qb6 6. dxc5 Qxb2 7. Rb1 Qc3 8. Bb5 e6 9. O-O Be7 10. Be5 Qxc5 11. c4 O-O 12. Nb3 Qa3 13. Bb2 Qd6 14. c5 Qd8 15. Re1 Bd7 16. Rc1 Rc8 17. Bd3 a5 18. Bb1 a4 19. Nbd4 Nb4 20. a3 Na6 21. c6 bxc6 22. Qxa4 Nc5 23. Qc2 Nce4 24. Ne5 c5 25. Ne2 g6 26. f3 Nd6 27. g4 Bb5 28. g5 Nh5 29. Qc3 Bxg5 30. Ng4 f6 31. f4 d4 32. exd4 Nxf4 33. Nxf4 Bxf4 34. dxc5 e5 35. Rcd1 Kg7 36. Qb4 Qd7 37. Nf2 Qc6 38. Rxd6 1-0


[Site "https://www.chess.com"]

[Event "Titled Tuesday Blitz May 17 Late 2022"]
[White "Sjugirov, Sanan"]
[Black "Puranik, Abhimanyu"]
[WhiteFideId "4189302"]
[BlackFideId "5061245"]
[WhiteElo "2602"]
[BlackElo "2520"]
[Result "0-1"]
[Round "03"]
[TimeControl "180+1"]
[Date "2022.05.17"]
[WhiteClock "0:00:01"]
[BlackClock "0:00:13"]

1. e4 e5 2. Nf3 Nc6 3. Bb5 a6 4. Ba4 Nf6 5. O-O b5 6. Bb3 Bb7 7. d3 Be7 8. a3 O-O 9. Nc3 Nd4 10. Nxd4 exd4 11. Ne2 c5 12. Ng3 d5 13. e5 Nd7 14. f4 Re8 15. Ba2 Bf8 16. Bd2 f6 17. Qf3 Kh8 18. exf6 Nxf6 19. Nh5 Nxh5 20. Qxh5 c4 21. Rae1 Qd7 22. Kh1 Rac8 23. c3 cxd3 24. Bb1 g6 25. Qh4 dxc3 26. bxc3 d4 27. cxd4 Re2 28. Rxe2 dxe2 29. Rg1 Qe6 30. f5 gxf5 31. d5 Bxd5 32. Qf2 Bg7 33. Re1 Re8 34. Bxf5 Rf8 35. Bxe6 Rxf2 36. Kg1 Rxg2+ 37. Kh1 Rg1+ 38. Kxg1 Bd4+ 0-1


[Site "https://www.chess.com"]

[Event "Titled Tuesday Blitz May 17 Late 2022"]
[White "Steinberg, Nitzan"]
[Black "Ivanisevic, Ivan"]
[WhiteFideId "2801795"]
[BlackFideId "912417"]
[WhiteElo "2471"]
[BlackElo "2495"]
[Result "1-0"]
[Round "03"]
[TimeControl "180+1"]
[Date "2022.05.17"]
[WhiteClock "0:00:48"]
[BlackClock "0:00:21"]

1. e4 e5 2. Nf3 Nc6 3. Bb5 a6 4. Ba4 Bc5 5. c3 Nge7 6. O-O Ba7 7. d4 Ng6 8. Re1 O-O 9. h3 d6 10. Be3 exd4 11. cxd4 b5 12. Bb3 Na5 13. Bc2 c5 14. d5 Nc4 15. Bc1 f5 16. Bg5 Qb6 17. b3 Nce5 18. Nxe5 Nxe5 19. exf5 Bxf5 20. Nc3 c4 21. Be3 Qa5 22. Bxf5 Rxf5 23. Ne4 Nd3 24. Qg4 Raf8 25. Bxa7 Nxe1 26. Bd4 g6 27. Bc3 b4 28. Bxe1 c3 29. Nxd6 Re5 30. Nc4 Qxd5 31. Nxe5 Qxe5 32. Qxb4 c2 33. Qc4+ 1-0


[Site "https://www.chess.com"]